 Dungeon Crawl Stone Soup version 0.29.1-1-gd02db6906a (webtiles) character file.

Game seed: 3253982681141572477

802 croobank the Caller (level 7, -9/45 HPs)
             Began as an Octopode Summoner on Oct 4, 2022.
             Was an Initiate of Gozag.
             Shot with a bolt by an orc warrior (14 damage)
             ... on level 6 of the Dungeon.
             The game lasted 00:27:32 (7395 turns).

croobank the Caller (Octopode Summoner)             Turns: 7395, Time: 00:27:32

Health: -9/45      AC:  1    Str:  7    XL:     7   Next: 90%
Magic:  16/22      EV: 13    Int: 26    God:    Gozag
Gold:   242        SH:  3    Dex: 12    Spells: 5/14 levels left

rFire   . . .      SeeInvis .   m - +1 hand axe (freeze)
rCold   . . .      Faith    .   i - +0 buckler
rNeg    + . .      Spirit   .   (helmet restricted)
rPois   .          Reflect  .   (no amulet)
rElec   .          Harm     .   q - ring of resist corrosion
rCorr   +          Rampage  .   r - ring of magical power
Will    .....                   d - ring of positive energy
Stlth   ++++......              y - +6 ring of intelligence
HPRegen 0.15/turn               (no ring)
MPRegen 0.18/turn               (no ring)
                                (no ring)
                                (no ring)

@: no status effects
A: almost no armour, amphibious, 8 rings, camouflage 1, gelatinous body 1,
(nimble swimmer 1), tentacles
a: Renounce Religion, Potion Petition, Call Merchant, Bribe Branch


You were on level 6 of the Dungeon.
You worshipped Gozag.
Gozag was aware of your devotion.
You visited 2 branches of the dungeon, and saw 7 of its levels.

You collected 303 gold pieces.
You paid 61 gold pieces to Gozag.

Inventory:

Hand Weapons
 k - a +0 whip
 m - a +1 hand axe of freezing (weapon)
 v - a +0 halberd of protection
 z - a +0 short sword of protection
Missiles
 j - 42 stones
Armour
 i - a +0 buckler (worn)
Jewellery
 d - a ring of positive energy (on tentacle)
 q - a ring of resist corrosion (left tentacle)
 r - a ring of magical power (right tentacle)
 y - a +6 ring of intelligence (on tentacle)
Wands
 e - a wand of charming (12)
Scrolls
 h - a scroll of teleportation
 n - a scroll of immolation
 s - 2 scrolls of amnesia
 t - a scroll of summoning {unknown}
 u - a scroll of poison
 A - a scroll of magic mapping {unknown}
 B - a scroll of acquirement {unknown}
 F - a scroll of noise {unknown}
Potions
 a - a potion of magic
 b - 3 potions of haste
 f - a potion of brilliance {unknown}
 g - a potion of resistance
 o - a potion of flight
 w - a potion of invisibility {unknown}
 x - a potion of cancellation {unknown}
 C - a potion of lignification {unknown}
 D - 3 potions of curing {unknown}


   Skills:
 + Level 2.6 Fighting
 + Level 4.3 Dodging
 - Level 4.7 Stealth
 + Level 4.1 Spellcasting
 + Level 2.6 Hexes
 + Level 5.6 Summonings


You had 5 spell levels left.
You knew the following spells:

 Your Spells              Type           Power      Damage    Failure   Level
a - Summon Small Mammal   Summ           100%       N/A       1%          1
b - Call Imp              Summ           34%        N/A       1%          2
c - Call Canine Familiar  Summ           34%        N/A       3%          3
d - Summon Guardian Gole  Hex/Summ       26%        N/A       6%          3

Your spell library contained the following spells:

 Spells                   Type           Power      Damage    Failure   Level
 Gell's Gravitas          Tloc           5%         N/A       34%         3
 Teleport Other           Tloc           5%         N/A       34%         3
 Summon Lightning Spire   Summ/Air       19%        N/A       34%         4
 Summon Forest            Summ/Tloc      9%         N/A       69%         5
 Dispersal                Tloc           2%         N/A       100%        6
 Eringya's Noxious Bog    Tmut/Pois      2%         N/A       100%        6
 Summon Hydra             Summ           17%        N/A       100%        7


Dungeon Overview and Level Annotations

Branches:
Dungeon (6/15)             Temple (1/1) D:5

Altars:
Ashenzari
Cheibriados
Dithmenos
Fedhas
Gozag
Hepliaklqana
Kikubaaqudgha
Makhleb
Nemelex Xobeh
Okawaru
Qazlal
Ru
Sif Muna
Trog
Uskayaw
Vehumet
Wu Jian
Yredelemnul
Zin
The Shining One


Innate Abilities, Weirdness & Mutations

You cannot wear most types of armour.
You are amphibious.
You can wear up to eight rings at the same time.
Your skin changes colour to match your surroundings (Stealth+).
Your rubbery body absorbs attacks. (AC +1, EV +1)
((You are camouflaged when in or above water. (Stealth+)))
You have tentacles for arms and can constrict up to eight enemies at once.


Message History

Your hound barely misses the orc warrior.
Your quokka barely misses the orc warrior.
The orc warrior unwields a +0 arbalest.
The orc warrior wields a +0 hand axe.
The orc warrior barely misses your white imp.
The orc warrior hits your hound with a +0 hand axe.
The orc warrior hits your guardian golem with a +0 hand axe.
The orc warrior closely misses your quokka.
Your hound bites the orc warrior but does no damage.
Your white imp gestures at the orc warrior.
The puff of frost hits the orc warrior.
Your hound barely misses the orc warrior.
Your quokka misses the orc warrior.
The orc warrior hits your white imp with a +0 hand axe!
The orc warrior misses your hound.
The orc warrior hits your guardian golem but does no damage.
The orc warrior hits your quokka with a +0 hand axe!
Your hound bites the orc warrior.
Your guardian golem overheats!
Your white imp closely misses the orc warrior.
Your quokka misses the orc warrior.
Your hound bites the orc warrior but does no damage.
The orc warrior unwields a +0 hand axe.
The orc warrior wields a +0 arbalest.
The orc warrior shoots a bolt.
The bolt hits your white imp.
Your white imp dies!
Your white imp disappears in a puff of smoke!
Your quokka barely misses the orc warrior.
Casting: Summon Small Mammal (safe; 1% risk of failure)
Confirm with . or Enter, or press ? or * to list all spells.
A shadowy apparition takes form in the air.
Your hound bites the orc warrior but does no damage.
Your quokka closely misses the orc warrior.
The orc warrior shoots a bolt.
The bolt misses your quokka. The bolt hits you!
* * * LOW HITPOINT WARNING * * *
Your hound barely misses the orc warrior.
Your quokka bites the orc warrior but does no damage.
Your hound bites the orc warrior.
Your quokka bites the orc warrior.
The orc warrior shoots a bolt.
The bolt closely misses your quokka. The bolt hits you!
You die...
Your body crumbles into a pile of gold.

#.......o......
#..(........#
.......#.#.#. .
)........... ..
#####.#..#.#..#... $
................#
#....# ..#
#..ho####...#
#.#.###..9rr.@5...#
#...........ยง.....#
.#.###..#........#
###..###....#...#
######.#...###########
.........#.#
.......)##.#
.....).)##.#
.......)...#


You could see an orc warrior (ally target), a friendly guardian golem (summoned,
inner flame), a friendly hound (summoned, sheltered), a friendly shadow imp
(summoned, sheltered) and 2 friendly quokkas.

Vanquished Creatures
  A hound (D:6)
  An orc wizard (D:5)
  A gnoll (D:3)
  2 adders
  A dart slug (D:3)
  An orc (D:5)
  A giant cockroach (D:3)
  3 goblins
  2 quokkas (D:3)
  A ball python (D:2)
  3 bats
  A frilled lizard (D:2)
  2 kobolds (D:1)
  A rat (D:3)
21 creatures vanquished.

Vanquished Creatures (collateral kills)
  A phantom (D:5)
  A necrophage (D:5)
  A scorpion (D:5)
  A howler monkey (D:6)
  An orc priest (D:6)
  A hound (D:3)
  A jelly (D:5)
  2 iguanas
  2 orc wizards (D:5)
  A nameless horror (D:5)
  Robin (D:2)
  7 gnolls
  10 adders
  3 worms (D:3)
  A dart slug (D:3)
  11 orcs
  A bat (D:2)
  10 endoplasms
  2 giant cockroaches
  7 goblins
  5 hobgoblins
  5 jackals
  2 quokkas
  3 ball pythons
  2 frilled lizards
  3 kobolds
  6 rats
91 creatures vanquished.

Vanquished Creatures (others)
  A kobold brigand (D:6)
  A gnoll bouda (D:6)
  2 iguanas (D:6)
  An adder (D:6)
5 creatures vanquished.

Grand Total: 117 creatures vanquished

Notes
Turn   | Place    | Note
-------+----------+-------------------------------------------
     0 | D:1      | croobank the Octopode Summoner began the quest for the Orb.
     0 | D:1      | Reached XP level 1. HP: 11/11 MP: 3/3
   302 | D:1      | Reached XP level 2. HP: 17/17 MP: 1/5
   355 | D:1      | Learned a level 2 spell: Call Imp
  1740 | D:2      | Noticed Robin
  1811 | D:1      | Reached XP level 3. HP: 8/21 MP: 2/6
  2023 | D:2      | Killed Robin
  2412 | D:2      | Reached XP level 4. HP: 27/27 MP: 4/7
  2416 | D:2      | Learned a level 3 spell: Call Canine Familiar
  3279 | D:3      | You fall into a shaft and drop 2 floors!
  3279 | D:5      | Entered Level 5 of the Dungeon
  3417 | D:4      | Reached XP level 5. HP: 31/31 MP: 9/9
  3833 | D:2      | Learned a level 3 spell: Summon Guardian Golem
  3971 | D:3      | Reached XP level 6. HP: 36/37 MP: 6/10
  4723 | D:3      | Found a bloodstained altar of Trog.
  4968 | D:4      | Reached skill level 1 in Fighting
  4968 | D:4      | Reached skill level 1 in Hexes
  4971 | D:4      | Reached skill level 5 in Summonings
  6004 | D:5      | Reached XP level 7. HP: 11/44 MP: 12/12
  6323 | D:5      | Found a sparkling altar of Nemelex Xobeh.
  6609 | D:5      | Found a staircase to the Ecumenical Temple.
  6625 | Temple   | Entered the Ecumenical Temple
  6630 | Temple   | Became a worshipper of Gozag Ym Sagoz the Greedy
  6840 | D:6      | Found a blossoming altar of Fedhas.
  6840 | D:6      | Found an ornate altar of the Wu Jian Council.
  6840 | D:6      | Found a basalt altar of Yredelemnul.
  6840 | D:6      | Found a sacrificial altar of Ru.
  6840 | D:6      | Found a broken altar of Ashenzari.
  6840 | D:6      | Found an iron altar of Okawaru.
  6840 | D:6      | Found a shimmering blue altar of Sif Muna.
  7395 | D:6      | Shot with a bolt by an orc warrior

Illustrated notes

Levels and vault maps discovered:
D:1:      dpeg_arrival_chambers_temple_mockup, layout_basic
D:2:      layout_basic, uniq_robin
D:3:      kb_forest_paths, layout_basic, trog_butcher_becter, feat_on_display
D:4:      layout_cave_pools
D:5:      layout_loops_corners, kennysheep_little_box, minmay_temple_entry_hall
D:6:      layout_rooms, grunt_temple_overflow_open, xom_confusion_cloud,
          serial_glass, glass_columns_a, glass_columns_a, due_unseen_surprise,
          minmay_strange_pillars, feat_on_display, grunt_decor_fettered,
          uniq_crazy_yiuf_cottage
Temple:   minmay_freezing_vapour_temple

Skill      XL: |  1  2  3  4  5  6  7 |
---------------+----------------------+-----
Stealth        | 3 4 |  4.7
Dodging        | 3 4 |  4.3
Spellcasting   | 3 4 |  4.1
Fighting       | 1 2 |  2.6
Hexes          | 1 2 |  2.6
Summonings     | 5 |  5.6

Action                   |  1- 3 |  4- 6 |  7- 9 || total
-------------------------+-------+-------+-------++-------
Melee: Unarmed           |     9 |       |       ||     9
       Constrict         |     9 |     9 |     1 ||    19
       Tentacles         |     4 |     6 |     2 ||    12
       Whip              |    18 |    24 |       ||    42
       Hand axe          |       |     6 |     7 ||    13
 Cast: Summon Small Mamm |    48 |    62 |    19 ||   129
       Call Imp          |    11 |    27 |     7 ||    45
       Call Canine Famil |       |    26 |    13 ||    39
       Summon Guardian G |       |     6 |     6 ||    12
  Use: Scroll            |       |    11 |       ||    11
       Potion            |       |     2 |     1 ||     3
 Stab: Sleeping          |     1 |     5 |       ||     6
Armor: Skin              |     3 |       |     1 ||     4
Dodge: Dodged            |    21 |    23 |    11 ||    55
Block: Buckler           |       |     3 |       ||     3
